 Dungeon Crawl Stone Soup version 0.31.0-1-g2c135a0 (webtiles) character file.

Game seed: 11389319829669201549

1276 Sinclair the Spear-Bearer (level 8, -3/70 HPs)
             Began as a Minotaur Monk on Feb 19, 2024.
             Was an Elder of Cheibriados.
             Shot with an arrow by a centaur (11 damage)
             ... on level 5 of the Dungeon.
             The game lasted 00:31:10 (3864 turns).

Sinclair the Spear-Bearer (Minotaur Monk)           Turns: 3864, Time: 00:31:11

Health: -3/70      AC:  7    Str: 26    XL:     8   Next: 29%
Magic:  7/7        EV: 14    Int: 19    God:    Cheibriados [****..]
Gold:   259        SH:  0    Dex: 23    Spells: 7/7 levels left

rFire   . . .        a - +0 spear
rCold   . . .        d - orb {light}
rNeg    . . .        n - +0 scale mail
rPois   .            (helmet restricted)
rElec   .            (no cloak)
rCorr   .            (no gloves)
SInv    .            (no boots)
Will    .....        (no amulet)
Stlth   +            (no ring)
HPRegen 0.31/turn    (no ring)
MPRegen 0.10/turn

%: no passive effects
@: glowing, very slow
A: horns 2, retaliatory headbutt
a: Renounce Religion, Bend Time, Temporal Distortion, Slouch


You were on level 5 of the Dungeon.
You worshipped Cheibriados.
Cheibriados was greatly pleased with you.
You visited 1 branch of the dungeon, and saw 5 of its levels.

You collected 259 gold pieces.

Inventory:

Hand Weapons
 a - a +0 spear (weapon)
 o - a +0 hand axe
Missiles
 l - a poisoned dart (quivered)
 A - 10 stones
Armour
 b - a +0 robe
 d - an orb of light (worn)
 n - a +0 scale mail (worn)
Magical Staves
 t - a staff of earth
 u - a staff of fire
Jewellery
 x - a ring of flight
Talismans
 p - a dragon-blood talisman
Scrolls
 f - a scroll of brand weapon {unknown}
 g - a scroll of noise {unknown}
 h - 5 scrolls of identify {unknown}
 i - a scroll of poison {unknown}
 j - 2 scrolls of teleportation {unknown}
 m - 3 scrolls of enchant armour {unknown}
 r - a scroll of blinking {unknown}
 s - a scroll of amnesia {unknown}
 y - a scroll of immolation {unknown}
 C - a scroll of revelation {unknown}
Potions
 c - a potion of ambrosia
 e - 5 potions of degeneration {unknown}
 k - 2 potions of might {unknown}
 q - 2 potions of curing {unknown}
 v - a potion of brilliance {unknown}
 w - 2 potions of mutation {unknown}
 z - 2 potions of enlightenment {unknown}
 B - a potion of cancellation {unknown}


   Skills:
 + Level 6.1 Fighting
 + Level 8.5 Polearms
 + Level 0.1 Throwing
 + Level 5.7 Armour
 + Level 5.1 Dodging
 + Level 1.6 Stealth


You had 7 spell levels left.
You didn't know any spells.
Your spell library contained the following spells:

 Spells                   Type           Power      Damage    Failure   Level
 Freeze                   Ice            0%         1d3       41%         1
 Sandblast                Erth           0%         2d4       41%         1
 Cigotuvi's Dreadful Rot  Necr/Alch/Air  0%         N/A       54%         2
 Call Canine Familiar     Summ           0%         N/A       78%         3
 Frozen Ramparts          Ice            0%         1d1       78%         3
 Hailstorm                Conj/Ice       0%         3d5       78%         3
 Passwall                 Erth           0%         N/A       78%         3
 Sigil of Binding         Hex            0%         N/A       78%         3
 Stone Arrow              Conj/Erth      0%         3d7       78%         3
 Brom's Barrelling Bould  Conj/Erth      0%         2d3       99%         4
 Dimensional Bullseye     Hex/Tloc       0%         N/A       99%         4
 Ignite Poison            Fire/Alch      0%         N/A       99%         4
 Leda's Liquefaction      Alch/Erth      0%         N/A       99%         4
 Petrify                  Alch/Erth      0%         N/A       99%         4
 Freezing Cloud           Conj/Ice/Air   0%         6-21      100%        5
 Metabolic Englaciation   Hex/Ice        0%         N/A       100%        5


Dungeon Overview and Level Annotations

Branches:
Dungeon (5/15)
 Temple: D:4-7

Altars:
Cheibriados
Uskayaw


Innate Abilities, Weirdness & Mutations

You have a pair of horns on your head.
You reflexively headbutt those who attack you in melee.


Message History

You kill the jackal!
Cheibriados appreciates the change of pace.
You see here a jackal corpse.
You see here a jackal corpse.
You now have 245 gold pieces (gained 13).
You now have 259 gold pieces (gained 14).
There is a stone staircase leading up here.
There is a stone staircase leading up here.
A centaur comes into view.
The centaur shouts!
The centaur wields a +0 shortbow.
The centaur shoots an arrow.
The arrow hits you.
The centaur shoots an arrow.
The arrow hits you.
A centaur is nearby!
The centaur shoots an arrow.
The arrow hits you!
The centaur shoots an arrow.
The arrow hits you but does no damage.
The centaur shoots an arrow.
The arrow barely misses you.
The centaur shoots an arrow.
The arrow completely misses you.
The centaur shoots an arrow.
The arrow hits you!
The centaur shoots an arrow.
The arrow closely misses you.
The centaur shoots an arrow.
The arrow closely misses you.
Throw: 10 stones
Press: ? - help, Q - select action, (/) - cycle Shift-Dir - straight line, f - centaur
Aim: a centaur, wielding a +0 shortbow (74% to hit)
Okay, then.
Throw: 2 darts (poison)
Press: ? - help, Q - select action, (/) - cycle Shift-Dir - straight line, f - centaur
Aim: a centaur, wielding a +0 shortbow (74% to hit)
You throw a poisoned dart. The poisoned dart hits the centaur.
The centaur shoots an arrow.
The arrow hits you!
The centaur shoots an arrow.
The arrow hits you.
The centaur shoots an arrow.
The arrow hits you.
The centaur shoots an arrow.
The arrow barely misses you.
The centaur shoots an arrow.
The arrow misses you.
The centaur shoots an arrow.
The arrow hits you!
The centaur shoots an arrow.
The arrow hits you!
* * * LOW HITPOINT WARNING * * *
The centaur shoots an arrow.
The arrow hits you.
* * * LOW HITPOINT WARNING * * *
The centaur shoots an arrow.
The arrow barely misses you.
The centaur shoots an arrow.
The arrow hits you!
You die...

##.## ##..............# ##
##.#####.............%######.
###....##..#...................
##.......^.###.....#....###.....
##.#...#...## #....##..###
###... .###..###..####........#
#... .###..# #...##.........#
#..# ..##..# #............c.#
#..# ......# #.......@.###...#
#.## #.....###......#### ##.c#
####.# #..............# #..#
#....## ##.......##...##
#..c.#####.# #.#####..#....#
...## #.. ### ##.##.### #.# #.#
##.### ### ###


You could see a centaur.

Vanquished Creatures
  The ghost of aor the Apothecary, a novice OpAl (D:5)
  Grinder (D:4)
  2 centaurs (D:5)
  3 phantoms
  Blork the orc (D:4)
  A scorpion (D:5)
  2 bombardier beetles
  2 iguanas
  2 sleepcaps (D:4)
  3 gnolls (D:2)
  4 adders
  A white imp (D:5)
  2 ufetubi (D:5)
  2 ribbon worms
  2 dart slugs
  An orc (D:3)
  2 endoplasms
  5 giant cockroaches
  4 goblins
  4 hobgoblins
  2 jackals (D:5)
  5 quokkas
  4 ball pythons
  3 bats
  2 frilled lizards
  2 kobolds
  6 rats
69 creatures vanquished.

Notes
Turn   | Place    | Note
-------+----------+-------------------------------------------
     0 | D:1      | Sinclair the Minotaur Monk began the quest for the Orb.
     0 | D:1      | Reached XP level 1. HP: 19/19 MP: 0/0
    94 | D:1      | Found a faded altar of an unknown god.
   129 | D:1      | Prayed at the altar of an unknown god.
   129 | D:1      | Became a worshipper of Cheibriados the Contemplative
   129 | D:1      | Reached * piety under Cheibriados
   129 | D:1      | Reached ** piety under Cheibriados
   257 | D:1      | Reached XP level 2. HP: 27/27 MP: 1/1
   280 | D:1      | You fall into a shaft and drop 1 floor!
   284 | D:2      | Reached *** piety under Cheibriados
   459 | D:2      | Reached skill level 4 in Polearms
   504 | D:2      | Reached XP level 3. HP: 33/33 MP: 2/2
   711 | D:2      | Reached XP level 4. HP: 34/41 MP: 3/3
   940 | D:3      | Found a hide-covered altar of Uskayaw.
   972 | D:3      | Reached **** piety under Cheibriados
  1364 | D:4      | Reached skill level 5 in Polearms
  1438 | D:4      | Noticed Grinder
  1451 | D:4      | Killed Grinder
  1452 | D:4      | Reached skill level 5 in Fighting
  1452 | D:4      | Reached skill level 6 in Polearms
  1452 | D:4      | Reached XP level 5. HP: 48/48 MP: 4/4
  1452 | D:4      | Reached XP level 6. HP: 56/56 MP: 5/5
  1478 | D:4      | Noticed Blork the orc
  1489 | D:4      | Killed Blork the orc
  1490 | D:4      | Reached skill level 1 in Stealth
  1821 | D:4      | Reached XP level 7. HP: 61/61 MP: 6/6
  2244 | D:5      | Entered Level 5 of the Dungeon
  2337 | D:5      | Reached skill level 7 in Polearms
  2365 | D:5      | Noticed aor's ghost (novice OpAl)
  2491 | D:5      | Found a runed translucent door.
  2511 | D:5      | Killed aor's ghost
  2512 | D:5      | Reached skill level 5 in Armour
  2512 | D:5      | Reached skill level 5 in Dodging
  2512 | D:5      | Reached XP level 8. HP: 18/70 MP: 7/7
  2513 | D:5      | Reached skill level 8 in Polearms
  3864 | D:5      | Shot with an arrow by a centaur

Illustrated notes

Levels and vault maps discovered:
D:1:      minmay_arrival_glassed_features, layout_loops_ring,
          hellmonk_ecumenical_altar_crossroads, minmay_misc_feat_square
D:2:      layout_rooms, kennysheep_boxes
D:3:      layout_rooms, nicolae_uskayaw_dance_hall
D:4:      layout_cave_pods, uniq_blork_the_orc, uniq_grinder
D:5:      layout_layer_cave, hellmonk_ghost_happy_afterlife

Skill      XL: |  1  2  3  4  5  6  7  8 |
---------------+-------------------------+-----
Fighting       | 4 5 6 |  6.1
Polearms       | 4 6 7 8 |  8.5
Dodging        | 4 5 |  5.1
Armour         | 2 3 5 |  5.7
Stealth        | 1 |  1.6
Throwing       | |  0.1

Action                     |  1- 3 |  4- 6 |  7- 9 || total
---------------------------+-------+-------+-------++-------
  Melee: Spear             |    76 |    78 |    64 ||   218
         Headbutt          |    18 |    17 |    19 ||    54
  Throw: Throwing net      |     1 |       |       ||     1
         Stone             |       |       |     2 ||     2
         Dart              |       |       |     1 ||     1
 Armour: Robe              |    12 |       |       ||    12
         Scale mail        |    12 |    16 |    41 ||    69
  Dodge: Dodged            |    43 |    32 |    56 ||   131
